 Dungeon Crawl Stone Soup version 0.29-a0-557-g43b9904bd1 (webtiles) character file.

Game seed: 11100992782334738930

823 jimonade the Magician (level 8, 0/55 HPs)
             Began as a Djinni Ice Elementalist on June 9, 2022.
             Slain by a phantom (1 damage)
             ... on level 5 of the Dungeon.
             The game lasted 00:15:59 (6591 turns).

jimonade the Magician (Djinni Ice Elementalist)     Turns: 6591, Time: 00:16:00

Health: 0/55       AC:  2    Str:  9    XL:     8   Next: 17%
Gold:   206        EV: 12    Int: 16    God:
                   SH:  0    Dex: 15

rFire   + + .      SeeInvis .   f - +0 trident
rCold   x . .      Faith    .   (no shield)
rNeg    . . .      Spirit   .   a - +0 robe
rPois   ∞          Reflect  .   (no helmet)
rElec   .          Harm     .   (no cloak)
rCorr   .          Rampage  .   (no gloves)
Will    .....                   (boots unavailable)
Stlth   ++........              (no amulet)
HPRegen 0.18/turn               (no ring)
MPRegen 0.00/turn               (no ring)

@: flying
A: sickness immunity, fire resistance 2, cold vulnerability 1, float, innate
caster, HP casting, extra vitality 1
a: no special abilities


You were on level 5 of the Dungeon.
You visited 1 branch of the dungeon, and saw 5 of its levels.

You collected 206 gold pieces.

Inventory:

Hand Weapons
 c - a +0 whip
 e - a +0 short sword
 f - a +0 trident (weapon)
 i - a +0 spear
 l - a +0 rapier
 o - the +6 hunting sling "Lontobau" {venom, Int+2}
   (You found it on level 2 of the Dungeon)

   Any ammunition fired from it poisons the flesh of those it strikes.
   Int:       It affects your intelligence (+2).
 w - a +2 whip of freezing
 B - a +1 flail of protection
Missiles
 d - 138 stones
 D - 2 throwing nets
 E - 4 poisoned darts
Armour
 a - a +0 robe (worn)
 k - a +0 ring mail
 m - a +0 leather armour
 A - a +0 plate armour
Magical Staves
 t - a staff of conjuration
Jewellery
 y - a +4 ring of evasion
Wands
 x - a wand of digging (6)
Scrolls
 h - a scroll of acquirement {unknown}
 j - 2 scrolls of magic mapping {unknown}
 n - 2 scrolls of noise {unknown}
 p - 5 scrolls of identify {unknown}
 r - a scroll of teleportation {unknown}
 C - a scroll of enchant armour {unknown}
Potions
 b - a potion of haste {unknown}
 g - a potion of berserk rage {unknown}
 q - 3 potions of curing {unknown}
 s - 2 potions of degeneration {unknown}
 u - a potion of mutation {unknown}
 v - a potion of attraction {unknown}
 z - 2 potions of brilliance {unknown}


   Skills:
 * Level 2.4 Fighting
 - Level 0.1 Polearms
 - Level 2.1 Dodging
 - Level 1.5 Stealth
 * Level 7.1 Spellcasting


You had 5 spell levels left.
You knew the following spells:

 Your Spells              Type           Power      Damage    Failure   Level
a - Freeze                Ice            100%       1d11      1%          1
b - Frozen Ramparts       Ice            56%        1d7       1%          3
c - Ozocubu's Armour      Ice            28%        N/A       1%          3
d - Hailstorm             Conj/Ice       28%        3d8       7%          4
e - Necrotize             Necr           100%       1d9       1%          1
f - Call Imp              Summ           28%        N/A       1%          2
g - Wereblood             Tmut           28%        N/A       1%          2
Your spell library was empty.

Dungeon Overview and Level Annotations

Branches:
Dungeon (5/15)             Temple (0/1) D:5

Altars:
Uskayaw

Annotations:
D:4 1 runed translucent door, Crazy Yiuf


Innate Abilities, Weirdness & Mutations

You are immune to sickness and miasma.
You are immune to poison.
Your flesh is very heat resistant. (rF++)
You are vulnerable to cold. (rC-)
You float through the air rather than walking.
You learn spells naturally, not from books.
Your magical power is your life essence.
You have superior vitality. (+4 MHP)


Message History

The phantom is almost destroyed.
The phantom hits you.
You hit the phantom but do no damage.
The phantom is almost destroyed.
The phantom misses you.
You closely miss the phantom.
The phantom is almost destroyed.
The phantom barely misses you. The phantom hits you.
* * * LOW HITPOINT WARNING * * *
You miss the phantom.
The phantom is almost destroyed.
The phantom hits you.
* * * LOW HITPOINT WARNING * * *
The phantom blinks!
You blink.
Found 28 stones.
You hit the phantom.
The phantom is almost destroyed.
The phantom hits you but does no damage.
You barely miss the phantom.
The phantom is almost destroyed.
The phantom barely misses you.
You hit the phantom.
The phantom is almost destroyed.
The phantom barely misses you. The phantom completely misses you.
You hit the phantom but do no damage.
The phantom is almost destroyed.
The phantom hits you.
* * * LOW HITPOINT WARNING * * *
You hit the phantom.
The phantom is almost destroyed.
The phantom misses you.
You barely miss the phantom.
The phantom is almost destroyed.
The phantom hits you.
* * * LOW HITPOINT WARNING * * *
The phantom hits you.
* * * LOW HITPOINT WARNING * * *
You completely miss the phantom.
The phantom is almost destroyed.
The phantom hits you.
You die...

###.####.......#
#.#...#.#
#...#.#.#
#..##...#
...####..#
#<$..# ##.#
...### #.#####
#.# #....(####
.. #W@.......
#....#.#..
#...#.#.#.
#..#.#.#.#
#...#.>.#.
#..#.#.#.#
#...#.#.#.
##...#.#..


You could see a phantom.

Vanquished Creatures
  Edmund (D:4)
  A black bear (D:4)
  An ogre (D:3)
  A centaur (D:5)
  2 hounds (D:4)
  4 iguanas (D:4)
  8 gnolls
  11 adders
  2 dart slugs
  An orc (D:4)
  8 ball pythons
  7 endoplasms
  3 giant cockroaches
  11 goblins
  6 hobgoblins
  11 jackals (D:1)
  12 kobolds
  5 quokkas
  14 bats
  3 frilled lizards
  4 rats
116 creatures vanquished.

Vanquished Creatures (collateral kills)
  A rat (D:1)
1 creature vanquished.

Vanquished Creatures (others)
  A fungus (D:4)
1 creature vanquished.

Grand Total: 118 creatures vanquished

Notes
Turn   | Place    | Note
-------+----------+-------------------------------------------
     0 | D:1      | jimonade the Djinni Ice Elementalist began the quest for
                  | the Orb.
     0 | D:1      | Reached XP level 1. HP: 15/15 MP: 0/0
   101 | D:1      | Reached XP level 2. HP: 4/21 MP: 0/0
   721 | D:1      | Reached XP level 3. HP: 17/26 MP: 0/0
   721 | D:1      | Learned a level 1 spell: Necrotize
  1234 | D:1      | Reached skill level 4 in Spellcasting
  1419 | D:1      | Found a faded altar of an unknown god.
  2076 | D:2      | Reached XP level 4. HP: 27/31 MP: 0/0
  2268 | D:2      | Identified the +6 hunting sling "Lontobau" {venom, Int+2}
  2331 | D:2      | Reached skill level 1 in Fighting
  2407 | D:2      | Found a hide-covered altar of Uskayaw.
  2641 | D:2      | Reached XP level 5. HP: 31/37 MP: 0/0
  2641 | D:2      | Learned a level 2 spell: Call Imp
  3905 | D:3      | Reached skill level 5 in Spellcasting
  4480 | D:4      | Noticed an ogre
  4504 | D:3      | Killed an ogre
  4505 | D:3      | Reached XP level 6. HP: 12/43 MP: 0/0
  5240 | D:4      | Reached XP level 7. HP: 25/48 MP: 0/0
  5240 | D:4      | Learned a level 2 spell: Wereblood
  5413 | D:4      | Reached skill level 6 in Spellcasting
  5657 | D:4      | Noticed Edmund
  5671 | D:4      | Killed Edmund
  6238 | D:4      | Found a runed translucent door.
  6239 | D:4      | Noticed Crazy Yiuf
  6407 | D:5      | Entered Level 5 of the Dungeon
  6415 | D:5      | Reached skill level 7 in Spellcasting
  6415 | D:5      | Reached XP level 8. HP: 43/55 MP: 0/0
  6580 | D:5      | Found a staircase to the Ecumenical Temple.
  6590 | D:5      | HP: 1/55 [phantom (2)]
  6591 | D:5      | Slain by a phantom

Illustrated notes

Levels and vault maps discovered:
D:1:      dpeg_arrival_round_b, layout_basic, basic_ecumenical_altar
D:2:      layout_basic, basic_altar, minmay_pentomino_v4
D:3:      layout_basic
D:4:      minmay_thinvault, layout_rooms, serial_curves, eino_curves_02,
          eino_curves_01, eino_curves_01, eino_curves_03, grunt_ministairs_7,
          chequers_serial_rivers_small_3, uniq_crazy_yiuf_cottage, uniq_edmund
D:5:      layout_rooms, mainiacjoe_overflow_cross_hatched,
          minmay_temple_entry_grid

Skill      XL: |  1  2  3  4  5  6  7 |
---------------+----------------------+-----
Spellcasting   | 4 5 7 |  7.1
Fighting       | 1 2 |  2.4
Polearms       | |  0.1
Dodging        | |  2.1
Stealth        | |  1.5

Action                   |  1- 3 |  4- 6 |  7- 9 || total
-------------------------+-------+-------+-------++-------
Melee: Short sword       |     1 |       |       ||     1
       Trident           |       |    44 |    57 ||   101
       Punch             |       |       |     1 ||     1
 Fire: Hunting sling     |       |    19 |       ||    19
Throw: Stone             |       |     1 |       ||     1
 Cast: Freeze            |    33 |    11 |    12 ||    56
       Necrotize         |    32 |    25 |     6 ||    63
       Frozen Ramparts   |       |    23 |     8 ||    31
       Ozocubu's Armour  |       |     8 |     8 ||    16
       Wereblood         |       |       |     1 ||     1
Armor: Robe              |     5 |    19 |    21 ||    45
Dodge: Dodged            |    22 |    55 |    47 ||   124

Table legend: (Time is in decaauts)
 A = Elapsed time spent in this place.
 B = Non-inter-level travel time spent in this place.
 C = Inter-level travel time spent in this place.
 D = Time resting spent in this place.
 E = Time spent auto-exploring this place.
 F = Levels seen in this place.
 G = Mean time per level.
                   A        B        C        D        E       F      G
               +--------+--------+--------+--------+--------+-----+--------+
         Total |   6628 |   6408 |    220 |    709 |   4606 |   5 | 1325.6 |
       Dungeon |   6628 |   6408 |    220 |    709 |   4606 |   5 | 1325.6 |
               +--------+--------+--------+--------+--------+-----+--------+

Top non-repeatable levels by time:
     D:1: 1928 daAuts
     D:3: 1650 daAuts
     D:4: 1606 daAuts
     D:2: 1250 daAuts
     D:5: 193 daAuts
